 Dungeon Crawl Stone Soup version 0.28-a0-1130-gc51a68064b (webtiles) character file.

Game seed: 17608910625135487999

221 SensoryNuts the Slasher (level 5, -4/39 HPs)
             Began as a Demonspawn Gladiator on Dec 12, 2021.
             Slain by a gnoll (6 damage)
             ... on level 3 of the Dungeon.
             The game lasted 00:02:01 (2664 turns).

SensoryNuts the Slasher (Demonspawn Gladiator)      Turns: 2664, Time: 00:02:02

Health: -4/39      AC:  4    Str: 17    XL:     5   Next: 65%
Magic:  5/5        EV: 13    Int:  9    God:
Gold:   71         SH:  0    Dex: 14    Spells: 4/4 levels left

rFire   + . .      SeeInvis .   a - +0 long sword
rCold   + . .      Faith    .   (no shield)
rNeg    . . .      Spirit   .   b - +0 leather armour
rPois   +          Reflect  .   c - +0 helmet
rElec   +          Harm     .   (no cloak)
rCorr   +          Rampage  .   (no gloves)
Will    .....                   (no boots)
Stlth   +.........              (no amulet)
HPRegen 0.13/turn               (no ring)
MPRegen 0.09/turn               (no ring)

@: resistant
A: foul stench 1, powered by pain 1
a: no special abilities


You were on level 3 of the Dungeon.
You visited 1 branch of the dungeon, and saw 3 of its levels.

You collected 71 gold pieces.

Inventory:

Hand Weapons
 a - a +0 long sword (weapon)
Missiles
 d - 3 throwing nets (quivered)
Armour
 b - a +0 leather armour (worn)
 c - a +0 helmet (worn)
Jewellery
 g - a ring of magical power
 o - a ring of willpower
Scrolls
 e - a scroll of teleportation {unknown}
 h - a scroll of amnesia {unknown}
 i - a scroll of silence {unknown}
 j - 3 scrolls of fog {unknown}
Potions
 f - a potion of resistance
 k - 2 potions of heal wounds {unknown}
 l - a potion of curing {unknown}
 m - a potion of berserk rage {unknown}
 n - a potion of attraction {unknown}


   Skills:
 + Level 2.5 Fighting
 + Level 4.1 Long Blades
 + Level 2.0 Throwing
 + Level 2.3 Armour
 + Level 3.6 Dodging
 + Level 0.2 Stealth


You had 4 spell levels left.
You didn't know any spells.
Your spell library contained the following spells:

 Spells                   Type           Power      Damage    Failure   Level
 Sting                    Tmut/Pois      0%         1d3       43%         1
 Poisonous Vapours        Pois/Air       0%         N/A       58%         2
 Olgreb's Toxic Radiance  Pois           0%         N/A       99%         4


Dungeon Overview and Level Annotations

Branches:
Dungeon (3/15)

Altars:


Innate Abilities, Weirdness & Mutations

You may rarely emit foul miasma when damaged in melee.
You sometimes gain a little power by taking damage.


Message History

You kill the adder!
You feel sick.
You hit the gnoll.
The gnoll is moderately wounded.
You feel sick. The gnoll hits you with a +0 club.
You hit the gnoll.
The gnoll is heavily wounded.
You feel sick. The gnoll misses you.
You slash the gnoll!
You kill the gnoll!
You feel sick.
You feel sick.
You closely miss the gnoll.
You feel sick.
You are no longer poisoned.
The gnoll misses you.
You slash the gnoll!
The gnoll is severely wounded.
The gnoll hits you with a +0 whip. x2
You slash the gnoll!
You kill the gnoll!
You hit the gnoll.
The gnoll is lightly wounded.
The gnoll misses you.
You hit the gnoll.
The gnoll is heavily wounded.
The gnoll hits you with a +0 whip.
* * * LOW HITPOINT WARNING * * *
You hit the gnoll but do no damage.
The gnoll is heavily wounded.
The gnoll hits you with a +0 whip.
* * * LOW HITPOINT WARNING * * *
You hit the gnoll.
The gnoll is heavily wounded.
The gnoll hits you with a +0 whip.
* * * LOW HITPOINT WARNING * * *
The gnoll barely misses you.
It was a potion of resistance.
You feel protected. The gnoll hits you with a +0 whip.
You die...

#####..###.#######
..................
..................
#####..###.#######
#####..###.#
...........#
############ # #
###########.#..# #
#.......@gJ....# #
#......#####.#.# #
#......# #
#......#
#########......#
...............#
##########.....#
#######


You could see a gnoll and an endoplasm.

Vanquished Creatures
  An orc priest (D:2)
  Natasha (thrice) (D:2)
  2 adders
  3 gnolls (D:3)
  3 dart slugs
  4 orcs
  3 endoplasms
  3 giant cockroaches
  5 goblins
  5 hobgoblins
  4 jackals
  3 kobolds
  2 quokkas (D:2)
  6 ball pythons
  6 bats
  A frilled lizard (D:1)
  4 rats
58 creatures vanquished.

Vanquished Creatures (others)
  8 toadstools (D:3)
8 creatures vanquished.

Grand Total: 66 creatures vanquished

Notes
Turn   | Place    | Note
-------+----------+-------------------------------------------
     0 | D:1      | SensoryNuts the Demonspawn Gladiator began the quest for
                  | the Orb.
     0 | D:1      | Reached XP level 1. HP: 16/16 MP: 1/1
   509 | D:1      | Gained mutation: You may rarely emit foul miasma when
                  | damaged in melee. [demonic ancestry]
   509 | D:1      | Reached XP level 2. HP: 22/22 MP: 2/2
   536 | D:1      | Reached skill level 3 in Long Blades
  1074 | D:2      | Found a faded altar of an unknown god.
  1078 | D:2      | Reached XP level 3. HP: 21/27 MP: 3/3
  1276 | D:2      | Reached skill level 1 in Armour
  1312 | D:2      | Noticed Natasha
  1327 | D:2      | Killed Natasha
  1328 | D:2      | Gained mutation: You sometimes gain a little power by
                  | taking damage. [demonic ancestry]
  1328 | D:2      | Reached XP level 4. HP: 5/33 MP: 4/4
  1645 | D:2      | Noticed Natasha
  1652 | D:2      | Killed Natasha
  1749 | D:2      | Noticed Natasha
  1759 | D:2      | Killed Natasha
  1964 | D:2      | Reached XP level 5. HP: 39/39 MP: 5/5
  2592 | D:3      | Reached skill level 4 in Long Blades
  2664 | D:3      | Slain by a gnoll

Illustrated notes

Levels and vault maps discovered:
D:1:      dpeg_arrival_snail, layout_basic, serial_rivers,
          chequers_serial_rivers_small_3, chequers_serial_rivers_small_a,
          chequers_serial_rivers_room_a, chequers_serial_rivers_large_a,
          chequers_serial_rivers_micro_b, minmay_strange_pillars
D:2:      layout_rooms, nicolae_ecumenical_oubliette, uniq_natasha
D:3:      cheibrodos_fertilizer, layout_basic, serial_shops, nicolae_shop_trees,
          grunt_decor_resistance, nicolae_underground_beach

Skill      XL: |  1  2  3  4  5 |
---------------+----------------+-----
Dodging        | 3 |  3.6
Long Blades    | 3 4 |  4.1
Throwing       | 2 |  2.0
Armour         | 1 2 |  2.3
Fighting       | |  2.5
Stealth        | |  0.2

Action                   |  1- 3 |  4- 6 || total
-------------------------+-------+-------++-------
Melee: Long sword        |   101 |    78 ||   179
  Use: Potion            |       |     1 ||     1
Armor: Leather armour    |    26 |    10 ||    36
Dodge: Dodged            |   105 |    55 ||   160

Table legend: (Time is in decaauts)
 A = Elapsed time spent in this place.
 B = Non-inter-level travel time spent in this place.
 C = Inter-level travel time spent in this place.
 D = Time resting spent in this place.
 E = Time spent auto-exploring this place.
 F = Levels seen in this place.
 G = Mean time per level.
                   A        B        C        D        E       F      G
               +--------+--------+--------+--------+--------+-----+--------+
         Total |   2725 |   2725 |      0 |      0 |   2238 |   3 |  908.3 |
       Dungeon |   2725 |   2725 |      0 |      0 |   2238 |   3 |  908.3 |
               +--------+--------+--------+--------+--------+-----+--------+

Top non-repeatable levels by time:
     D:2: 1335 daAuts
     D:1: 1047 daAuts
     D:3: 342 daAuts
